 Dungeon Crawl Stone Soup version 0.29.0-11-gd7f09526c8 (webtiles) character file.

Game seed: 4791678844834234864

61 Flugkiller the Trooper (level 3, -4/33 HPs)
             Began as a Minotaur Fighter on Sept 4, 2022.
             Killed by nerve-wracking pain
             ... invoked by an orc priest
              (14 damage)
             ... on level 3 of the Dungeon.
             The game lasted 00:01:00 (1835 turns).

Flugkiller the Trooper (Minotaur Fighter)           Turns: 1835, Time: 00:01:00

Health: -4/33      AC: 12    Str: 20    XL:     3   Next: 83%
Magic:  2/2        EV:  9    Int:  5    God:
Gold:   151        SH:  4    Dex: 11    Spells: 2/2 levels left

rFire   . . .      SeeInvis .   a - +0 war axe
rCold   . . .      Faith    .   c - +0 buckler
rNeg    . . .      Spirit   .   b - +0 scale mail
rPois   .          Reflect  .   (helmet restricted)
rElec   .          Harm     .   (no cloak)
rCorr   .          Rampage  .   (no gloves)
Will    .....                   o - +0 pair of boots
Stlth   ..........              (no amulet)
HPRegen 0.11/turn               p - +4 ring of protection
MPRegen 0.08/turn               (no ring)

@: no status effects
A: horns 2, retaliatory headbutt
a: no special abilities


You were on level 3 of the Dungeon.
You visited 1 branch of the dungeon, and saw 3 of its levels.

You collected 151 gold pieces.

Inventory:

Hand Weapons
 a - a +0 war axe (weapon)
Armour
 b - a +0 scale mail (worn)
 c - a +0 buckler (worn)
 o - a +0 pair of boots (worn)
   (You found it on level 2 of the Dungeon)
Jewellery
 p - a +4 ring of protection (left hand)
   (You found it on level 2 of the Dungeon)
Scrolls
 e - a scroll of magic mapping {unknown}
 f - a scroll of immolation {unknown}
 i - a scroll of teleportation {unknown}
 k - a scroll of enchant weapon {unknown}
 l - 2 scrolls of identify {unknown}
 m - 2 scrolls of vulnerability {unknown}
 q - a scroll of brand weapon {unknown}
Potions
 d - 2 potions of might
 g - a potion of mutation {unknown}
 h - 4 potions of curing {unknown}
 j - 2 potions of lignification {unknown}
 n - a potion of invisibility {unknown}


   Skills:
 + Level 4.2 Fighting
 * Level 4.0 Axes
 + Level 4.2 Armour
 - Level 3.6 Shields


You had 2 spell levels left.
You didn't know any spells.
Your spell library was empty.

Dungeon Overview and Level Annotations

Branches:
Dungeon (3/15)

Altars:

Shops:
D:1 =   D:3 [


Innate Abilities, Weirdness & Mutations

You have a pair of horns on your head.
You reflexively headbutt those who attack you in melee.


Message History

You now have 139 gold pieces (gained 9).
A ball python comes into view.
The ball python hisses angrily.
A ball python is nearby!
The ball python barely misses you. You furiously retaliate!
You headbutt the ball python.
You kill the ball python!
No target in view!
No target in view!
No target in view!
No target in view!
No target in view!
No target in view!
No target in view!
Found 5 stones.
No target in view!
No target in view!
No target in view!
No target in view!
No target in view!
A bat comes into view.
A bat is nearby!
A bat is nearby!
The bat closely misses you.
You hit the bat but do no damage. Your headbutt misses the bat.
The bat hits you but does no damage. The bat closely misses you.
The bat hits you but does no damage.
You barely miss the bat. The bat hits you but does no damage. x2
The bat barely misses you. x2
You slash the bat!
You kill the bat!
No target in view!
No target in view!
You see here a bat corpse.
Found a book of Transfigurations.
You see here a book of Transfigurations.
Found a robe.
You see here a +0 robe.
Found a mace.
No target in view!
No target in view!
No target in view!
No target in view!
No target in view!
You see here a +0 mace.
Found Bonuc's Armour Shop.
Found a club.
Found 7 stones.
No target in view!
No target in view!
There is an entrance to Bonuc's Armour Shop here.
You can access your shopping list by pressing '$'.
You see here 7 stones.
An adder comes into view.
The adder hisses angrily.
An adder is nearby!
An adder is nearby!
An adder is nearby!
Found 12 gold pieces.
The adder bites you but does no damage.
You closely miss the adder. Your headbutt misses the adder.
You block the adder's attack. The adder bites you but does no damage.
You closely miss the adder. The adder barely misses you. The adder bites you.
You hit the adder.
The adder is heavily wounded.
The adder bites you but does no damage.
You completely miss the adder.
The adder is heavily wounded.
The adder barely misses you. You block the adder's attack.
You hit the adder.
You kill the adder!
Your Axes skill increases to level 4!
No target in view!
No target in view!
No target in view!
HP restored.
You now have 151 gold pieces (gained 12).
Found a pair of gloves.
An orc and an orc priest come into view.
The orc priest shouts!
An orc comes into view. It is wielding a +0 flail.
There are monsters nearby!
There are monsters nearby!
The orc shouts!
You see here a +0 pair of gloves.
You closely miss the orc.
The orc priest looks satisfied for a moment.
The orc barely misses you. x2; You block the orc's attack.
You closely miss the orc. You slash the orc!
You kill the orc!
The orc hits you but does no damage.
You hit the orc but do no damage. The orc hits you but does no damage.
The orc priest calls down the wrath of Beogh upon you.
Beogh smites you!
You hit the orc but do no damage. Your headbutt misses the orc.
The orc priest calls down the wrath of Beogh upon you.
Beogh smites you!
The orc priest mumbles some strange prayers to Beogh against you.
Pain shoots through your body!
You die...

#.......#.......#
#.#####.#.#####.# #.#
#.#.# #.## #.# #.#.#
#... #.# #...# #...
#.# #..######... #.#
#........... #.#
##.######... #@# #.#
#... #....o######.#
###.
#..o.........########.
#....#######..........
##.#. #.########† #.#.
#.# #. # #. #.# #. #.
#.. .. #.# #.


You could see an orc priest and an orc.

Vanquished Creatures
  An adder (D:3)
  A dart slug (D:2)
  An orc (D:3)
  5 endoplasms
  7 giant cockroaches (D:1)
  3 hobgoblins
  2 jackals (D:1)
  2 quokkas (D:1)
  6 ball pythons
  5 bats
  4 frilled lizards
  6 kobolds
  2 rats
45 creatures vanquished.

Notes
Turn   | Place    | Note
-------+----------+-------------------------------------------
     0 | D:1      | Flugkiller the Minotaur Fighter began the quest for the
                  | Orb.
     0 | D:1      | Reached XP level 1. HP: 19/19 MP: 0/0
   214 | D:1      | Reached XP level 2. HP: 24/27 MP: 1/1
   488 | D:1      | Found Veriolaw's Jewellery Boutique.
   719 | D:1      | Reached XP level 3. HP: 33/33 MP: 2/2
  1007 | D:2      | Found a faded altar of an unknown god.
  1739 | D:3      | Found Bonuc's Armour Shop.
  1835 | D:3      | Killed from afar by an orc priest

Illustrated notes

Levels and vault maps discovered:
D:1:      elethiomel_arrival_quiet, layout_loops_ring, serial_shops,
          nicolae_shop_crystal, grunt_decor_resistance
D:2:      layout_basic, nicolae_ecumenical_lake_church
D:3:      layout_loops_ring, serial_shops, shop

Skill      XL: |  1  2  3 |
---------------+----------+-----
Axes           | 3 4 |  4.0
Fighting       | 4 |  4.2
Armour         | 4 |  4.2
Shields        | |  3.6

Action                   || total
-------------------------++-------
Melee: War axe           ||    89
       Headbutt          ||     9
Armor: Scale mail        ||    47
Dodge: Dodged            ||    56
Block: Buckler           ||    29
